 Dungeon Sprint DCSS version 0.20.1-1-g8b1a95d (webtiles) character file.

228 Kingsmith the Zephyrmancer (level 6, -10/32 HPs)
             Began as a Tengu Air Elementalist on Dec 12, 2017.
             Was a Follower of Vehumet.
             Mangled by a vampire (12 damage)
             ... in the Dungeon (Sprint IX: "|||||||||||||||||||||||||||||").
             The game lasted 00:02:32 (510 turns).

Kingsmith the Zephyrmancer (Tengu Air Elementalist)  Turns: 510, Time: 00:02:33

Health: -10/32     AC:  5    Str:  9    XL:     6   Next: 2%
Magic:  6/12       EV: 13    Int: 20    God:    Vehumet [*.....]
Gold:   0          SH:  0    Dex: 14    Spells: 6/12 levels left

rFire    . . .     SeeInvis .   m - staff of energy
rCold    . . .     Gourm    .   (no shield)
rNeg     . . .     Faith    .   a - +0 robe
rPois    .         Spirit   .   (helmet restricted)
rElec    .         Reflect  .   (no cloak)
rCorr    .         Harm     .   n - +0 pair of gloves
MR       .....     NoTele   +   (boots unavailable)
Stlth    ++........             (no amulet)
Regen    0.1/turn               o - +2 ring of protection
MPRegen  0.2/turn               q - +3 ring of intelligence

@: no status effects
A: beak, talons 3, able to fly 1
a: Fly, Renounce Religion


You were in the Dungeon.
You worshipped Vehumet.
Vehumet was aware of your devotion.
You were not hungry.

You visited 1 branch

Inventory:

Armour
 a - a +0 robe (worn)
 n - a +0 pair of gloves (worn)
 p - a +1 scale mail
Magical Staves
 m - an uncursed staff of energy (weapon)
Jewellery
 o - a +2 ring of protection (left hand)
 q - a +3 ring of intelligence (right hand)
Wands
 j - a wand of acid (7/15)
Scrolls
 i - 2 scrolls of blinking
 k - 3 scrolls of remove curse
 l - 2 scrolls of amnesia
Potions
 d - 4 potions of curing
 e - a potion of invisibility
 f - a potion of haste
 g - 2 potions of magic
Books
 b - a book of Air

   Spells                             Type                      Level
   a - Shock                          Conjuration/Air              1
   b - Swiftness                      Charms/Air                   2
   c - Static Discharge               Conjuration/Air              3
   d - Airstrike                      Air                          4
   e - Lightning Bolt                 Conjuration/Air              5
Comestibles
 c - a bread ration


   Skills:
 - Level 2.9 Dodging
 - Level 2.7 Stealth
 - Level 3.8 Spellcasting
 - Level 2.0 Conjurations
 + Level 14.0 Air Magic


You had 6 spell levels left.
You knew the following spells:

 Your Spells              Type           Power        Failure   Level  Hunger
a - Shock                 Conj/Air       ####         1%          1    None
b - Swiftness             Chrm/Air       ####....     1%          2    None
c - Static Discharge      Conj/Air       #####...     1%          3    None


Dungeon Overview and Level Annotations

Branches:
Dungeon (1/1)

Altars:
Cheibriados
Dithmenos
Elyvilon
Fedhas
Gozag
Hepliaklqana
Kikubaaqudgha
Makhleb
Nemelex Xobeh
Okawaru
Qazlal
Ru
Sif Muna
Trog
Uskayaw
Vehumet
Xom
Yredelemnul
Zin
The Shining One
Beogh
Jiyva
Lugonu


Innate Abilities, Weirdness & Mutations

You have a beak for a mouth.
You have claws for feet.
You can fly.


Message History

You feel clever.
The lightning grounds out.
You hear some strange, mumbled words.
You are confused.
You feel better.
Casting: Static Discharge
Confirm with . or Enter, or press ? or * to list all spells.
You can't see any susceptible monsters within range! (Use Z to cast anyway.)
Casting: Static Discharge
Confirm with . or Enter, or press ? or * to list all spells.
Something is struck by lightning.
The lightning arcs!
You are struck by lightning.
The lightning arcs!
Something is struck by lightning.
The lightning grounds out.
You hit something but do no damage.
The gnoll sergeant hits you from afar with a spear!
Something hits you. Something bites you!
* * * LOW HITPOINT WARNING * * *
Something draws strength from your injuries!
The gnoll sergeant misses you. Something hits you!
You die...

▓_▓
▓_▓
▓_▓
▓.▓
▓_▓
▓_▓
▓_▓
▓_▓
▓@▓
▓{▓
▓g▓
▓o▓
▓)▓
▓.▓
▓[▓
▓.▓
▓.▓


You could see a gnoll sergeant and an orc.

Vanquished Creatures
  2 orc warriors (D)
  A worker ant (D)
  An adder skeleton (D)
  An orc (D)
  2 giant cockroaches (D)
  2 goblins (D)
  A hobgoblin (D)
  A kobold (D)
  A frilled lizard (D)
  A jackal skeleton (D)
13 creatures vanquished.

Notes
Turn   | Place    | Note
-------+----------+-------------------------------------------
     0 | D        | Kingsmith the Tengu Air Elementalist began the quest for the Orb.
     0 | D        | Reached XP level 1. HP: 10/10 MP: 4/4
     5 | D        | Reached skill level 5 in Air Magic
     6 | D        | Reached XP level 2. HP: 15/15 MP: 1/6
    75 | D        | Reached skill level 7 in Air Magic
    75 | D        | Reached XP level 3. HP: 17/19 MP: 3/9
   396 | D        | Found a roughly hewn altar of Beogh.
   396 | D        | Found a snail-covered altar of Cheibriados.
   396 | D        | Found a shadowy altar of Dithmenos.
   396 | D        | Found a white marble altar of Elyvilon.
   396 | D        | Found a blossoming altar of Fedhas.
   396 | D        | Found an opulent altar of Gozag.
   397 | D        | Found a hazy altar of Hepliaklqana.
   398 | D        | Found a viscous altar of Jiyva.
   399 | D        | Found an ancient bone altar of Kikubaaqudgha.
   400 | D        | Found a corrupted altar of Lugonu.
   401 | D        | Found a burning altar of Makhleb.
   402 | D        | Found a sparkling altar of Nemelex Xobeh.
   403 | D        | Found an iron altar of Okawaru.
   404 | D        | Found a stormy altar of Qazlal.
   405 | D        | Found a sacrificial altar of Ru.
   406 | D        | Found a deep blue altar of Sif Muna.
   407 | D        | Found a bloodstained altar of Trog.
   408 | D        | Found a hide-covered altar of Uskayaw.
   409 | D        | Found a radiant altar of Vehumet.
   411 | D        | Found a shimmering altar of Xom.
   412 | D        | Found a basalt altar of Yredelemnul.
   413 | D        | Found a glowing silver altar of Zin.
   414 | D        | Found a glowing golden altar of the Shining One.
   417 | D        | Became a worshipper of Vehumet
   421 | D        | Learned a level 2 spell: Swiftness
   425 | D        | Learned a level 3 spell: Static Discharge
   480 | D        | Noticed an orc warrior
   480 | D        | Noticed an orc warrior
   480 | D        | Noticed a vampire
   480 | D        | Noticed a gnoll sergeant
   493 | D        | Killed an orc warrior
   493 | D        | Reached skill level 11 in Air Magic
   493 | D        | Reached XP level 4. HP: 21/24 MP: 3/10
   493 | D        | Gained mutation: You can fly. [Tengu growth]
   493 | D        | Reached XP level 5. HP: 25/28 MP: 3/11
   507 | D        | Killed an orc warrior
   507 | D        | Reached * piety under Vehumet
   507 | D        | Offered knowledge of Magic Dart by Vehumet.
   507 | D        | Reached skill level 14 in Air Magic
   507 | D        | Reached XP level 6. HP: 18/32 MP: 8/12
   510 | D        | Mangled by a vampire

Skill      XL: |  1  2  3  4  5 |
---------------+----------------+-----
Air Magic      | 5 7 11 14 | 14.0
Spellcasting   | 3 |  3.8
Conjurations   | 2 |  2.0
Dodging        | |  2.9
Stealth        | |  2.7

Action                   |  1- 3 |  4- 6 || total
-------------------------+-------+-------++-------
Melee: Dagger            |     4 |       ||     4
       Kick              |     3 |     1 ||     4
       Staff             |       |     4 ||     4
 Cast: Shock             |     9 |       ||     9
       Static Discharge  |     3 |     4 ||     7
  Use: Potion            |     5 |     2 ||     7
Armor: Robe              |     1 |       ||     1
Dodge: Dodged            |    12 |     5 ||    17
